 Dungeon Crawl Stone Soup version 0.30-a0-304-gdc4b735fe1 (console) character file.

Game seed: 2357847845685462240

6960 Ignak the Thaumaturge (level 11, -12/71 (81) HPs)
             Began as a Gnoll Hedge Wizard on Oct 20, 2022.
             Was a Follower of Sif Muna.
             Killed from afar by an acid dragon (26 damage)
             ... with a splash of acid
             ... on level 10 of the Dungeon.
             The game lasted 00:52:26 (12452 turns).

Ignak the Thaumaturge (Gnoll Hedge Wizard)         Turns: 12452, Time: 00:52:28

HP:   -12/71 (81)   AC:  4    Str:  6 (8)  XL:     11   Next: 7%
MP:   10/24         EV: 14    Int: 22 (23) God:    Sif Muna [*.....]
Gold: 720           SH:  0    Dex: 10      Spells: 15/29 levels left

rFire   + . .      SeeInvis .    a - +2 short sword (venom)
rCold   . . .      Faith    .    (no shield)
rNeg    . . .      Spirit   .    J - +0 steam dragon scales
rPois   +          Reflect  .    c - +0 hat
rElec   .          Harm     .    v - +0 cloak
rCorr   .          Rampage  .    (no gloves)
Will    .....      Clarity  +    k - +0 pair of boots
Stlth   +++.......               (no amulet)
HPRegen 0.31/turn                C - ring of poison resistance
MPRegen 0.19/turn                l - ring of protection from fire

@: corroded, on blink cooldown, very slightly contaminated, heavily drained
A: fangs 1, strong nose, distributed training, clarity, clever 1, deterioration
1
a: Renounce Religion, Channel Magic


You were on level 10 of the Dungeon.
You worshipped Sif Muna.
Sif Muna was aware of your devotion.
You visited 2 branches of the dungeon, and saw 11 of its levels.
You also visited: Sewer.

You collected 720 gold pieces.

Inventory:

Hand Weapons
 a - a +2 short sword of venom (weapon)
 b - a +2 halberd of flaming
 m - a +0 rapier
 s - a +3 great sword of freezing
 F - a +4 short sword
 K - a +4 dagger of draining
 M - a +4 morningstar
Missiles
 p - 17 poisoned darts (quivered)
Armour
 c - a +0 hat (worn)
 k - a +0 pair of boots (worn)
 v - a +0 cloak (worn)
 y - a +0 robe of the Archmagi
 J - +0 steam dragon scales (worn)
Jewellery
 i - a ring of see invisible
 l - a ring of protection from fire (right hand)
 C - a ring of poison resistance (left hand)
Wands
 E - a wand of mindburst (14)
 L - a wand of charming (4)
Scrolls
 h - a scroll of amnesia
 j - 4 scrolls of teleportation
 n - 2 scrolls of magic mapping
 o - a scroll of fog
 q - 4 scrolls of enchant weapon
 w - a scroll of enchant armour {unknown}
 z - a scroll of poison
 D - a scroll of fear
Potions
 d - 3 potions of magic
 e - 3 potions of heal wounds
 f - 3 potions of mutation
 g - 2 potions of invisibility
 r - a potion of resistance {unknown}
 t - a potion of brilliance {unknown}
 u - 5 potions of curing {unknown}
 x - 2 potions of degeneration {unknown}
 A - a potion of ambrosia {unknown}
 B - 2 potions of lignification {unknown}
 G - a potion of might {unknown}
 I - 2 potions of haste


   Skills:
 + Level 6.1 Fighting
 + Level 6.1 Short Blades
 + Level 6.1 Long Blades
 + Level 6.1 Axes
 + Level 6.1 Maces & Flails
 + Level 6.1 Polearms
 + Level 6.1 Staves
 + Level 6.1 Ranged Weapons
 + Level 6.1 Throwing
 + Level 6.1 Armour
 + Level 7.7 Dodging
 + Level 7.5 Stealth
 + Level 6.1 Shields
 + Level 6.1 Unarmed Combat
 + Level 9.5 Spellcasting
 + Level 5.6 Conjurations
 + Level 5.1 Hexes
 + Level 5.6 Summonings
 + Level 5.1 Necromancy
 + Level 5.6 Translocations
 + Level 5.1 Transmutations
 + Level 5.1 Fire Magic
 + Level 5.1 Ice Magic
 + Level 5.1 Air Magic
 + Level 5.1 Earth Magic
 + Level 5.1 Poison Magic
 + Level 6.7 Invocations
 + Level 6.1 Evocations


You had 15 spell levels left.
You knew the following spells:

 Your Spells              Type           Power      Damage    Failure   Level
a - Magic Dart            Conj           100%       1d8       1%          1
b - Blink                 Tloc           70%        N/A       1%          2
c - Slow                  Hex            100%       N/A       1%          1
d - Mephitic Cloud        Conj/Pois/Air  33%        N/A       2%          3
e - Call Imp              Summ           35%        N/A       1%          2
f - Necrotise             Necr           100%       1d9       1%          1
g - Airstrike             Air            16%        2d(3-19)  8%          4

Your spell library contained the following spells:

 Spells                   Type           Power      Damage    Failure   Level
 Apportation              Tloc           70%        N/A       1%          1
 Shock                    Conj/Air       100%       1d9       1%          1
 Summon Small Mammal      Summ           100%       N/A       1%          1
 Cigotuvi's Dreadful Rot  Necr/Pois/Air  66%        N/A       1%          2
 Swiftness                Air            33%        N/A       2%          3
 Iskenderun's Battlesphe  Conj           35%        2d9       19%         5
 Alistair's Intoxication  Tmut/Pois      22%        N/A       22%         5
 Iron Shot                Conj/Erth      17%        9d4       73%         6
 Spellforged Servitor     Conj/Summ      17%        N/A       99%         7


Dungeon Overview and Level Annotations

Branches:
Dungeon (10/15)            Temple (1/1) D:6             Orc (0/2) D:9
  Sewer (visited)
   Lair: D:8-11

Altars:
Ashenzari
Cheibriados
Dithmenos
Elyvilon
Hepliaklqana
Makhleb
Nemelex Xobeh
Okawaru
Qazlal
Ru
Sif Muna
Trog
Uskayaw
Vehumet
Wu Jian
Xom
Yredelemnul
Zin
The Shining One


Innate Abilities, Weirdness & Mutations

You have very sharp teeth.
Your uncanny sense of smell can sniff out nearby items.
Your experience applies equally to all skills.
You possess an exceptional clarity of mind.
Your mind is acute. (Int +4, Str/Dex -1)
Your body sometimes deteriorates upon taking damage.


Message History

Confirm with . or Enter, or press ? or * to list all spells.
You can't see any susceptible monsters within range! (Use Z to cast anyway.) Unknown command.
Unknown command.
Casting: Mephitic Cloud (mildly dangerous; 2% risk of failure)
Confirm with . or Enter, or press ? or * to list all spells.
Okay, then.
Unknown command.
Casting: Mephitic Cloud (mildly dangerous; 2% risk of failure)
Confirm with . or Enter, or press ? or * to list all spells.
Aiming: Airstrike (dangerous; 8% risk of failure)
Press: ? - help, Dir - move target, f - acid dragon
Aim: an acid dragon (empty space bonus: 6/8)
You miscast Airstrike.
You are very lightly contaminated with residual magic.
Nothing appears to happen.
The acid dragon spits acid at you. The splash of acid hits you!!
* * * LOW HITPOINT WARNING * * *
The acid corrodes you!
Casting: Airstrike (dangerous; 8% risk of failure)
Confirm with . or Enter, or press ? or * to list all spells.
Aiming: Airstrike (dangerous; 8% risk of failure)
Press: ? - help, Dir - move target, f/p - acid dragon
Aim: an acid dragon (empty space bonus: 6/8)
The air twists around and strikes the acid dragon!
The acid dragon is moderately wounded.
Casting: Airstrike (dangerous; 8% risk of failure)
Confirm with . or Enter, or press ? or * to list all spells.
You blink.
Casting: Blink (safe; 1% risk of failure)
Confirm with . or Enter, or press ? or * to list all spells.
Aiming: Airstrike (dangerous; 8% risk of failure)
Press: ? - help, Dir - move target, f/p - acid dragon
Aim: an acid dragon (moderately wounded, empty space bonus: 6/8)
The air twists around and strikes the acid dragon!
The acid dragon is almost dead.
The acid dragon spits acid at you. The splash of acid hits you!!
You die...

#...........#
###'###.....#
#.....#.....#
#.....#.....#
#.....#.....#
#.....#######
###'###.....#
#.....#.....#
#.....#@....#
#.....###D###
#..........ยง#
#...........+
#...........#
#.....#######
#...........#
#...........#
#...........#


You could see an acid dragon (catching breath).

Vanquished Creatures
  A two-headed ogre (D:9)
  Pikel (D:7)
  Maggie (D:7)
  A hornet (D:9)
  Grinder (Sewer)
  2 wyverns
  A wraith (D:9)
  2 steam dragons
  A sky beast (D:7)
  2 ice beasts
  3 orc warriors
  3 black bears (D:5)
  3 centaurs
  4 lemures (D:7)
  A phantom (Sewer)
  A kobold brigand (Sewer)
  3 bullfrogs
  A necrophage (D:4)
  3 scorpions
  16 wights
  3 killer bees
  A howler monkey (D:5)
  A lava snake (D:9)
  A hound (D:6)
  4 orc priests
  A gnoll bouda (D:6)
  2 jellies
  3 iguanas
  3 orc wizards
  2 gnolls (D:6)
  6 adders
  2 shadow imps
  2 white imps
  4 ufetubi
  An adder zombie (Sewer)
  2 worms (D:2)
  2 dart slugs
  15 orcs
  6 ball pythons
  4 bats
  2 bat zombies (Sewer)
  5 endoplasms
  8 giant cockroaches
  4 hobgoblins
  A jackal (D:4)
  3 quokkas
  A frilled lizard (D:2)
  10 goblins
  19 kobolds
  2 kobold zombies (Sewer)
  6 rats
177 creatures vanquished.

Vanquished Creatures (collateral kills)
  Joseph (D:7)
  A troll (D:9)
  2 water moccasins
  2 bullfrogs (D:7)
  2 wights
  3 killer bees (D:8)
  A hound (D:5)
  A jelly (D:7)
  An iguana (D:4)
  A gnoll (D:6)
  4 adders
  A shadow imp (Sewer)
  An ufetubus (Sewer)
  2 dart slugs
  3 orcs
  A bat (Sewer)
  An endoplasm (D:4)
  A goblin (D:4)
  A jackal (D:4)
  2 ball pythons
  8 kobolds
40 creatures vanquished.

Vanquished Creatures (others)
  A white imp (D:7)
  A plant (D:1)
2 creatures vanquished.

Grand Total: 219 creatures vanquished

Notes
Turn   | Place    | Note
-------+----------+-------------------------------------------
     0 | D:1      | Ignak the Gnoll Hedge Wizard began the quest for the Orb.
     0 | D:1      | Reached XP level 1. HP: 13/13 MP: 8/8
   163 | D:1      | Reached XP level 2. HP: 9/19 MP: 10/10
   290 | D:1      | Learned a level 2 spell: Blink
   293 | D:1      | Learned a level 2 spell: Call Imp
   295 | D:1      | Learned a level 1 spell: Slow
   350 | D:1      | Learned a level 1 spell: Necrotise
   993 | D:2      | Reached XP level 3. HP: 24/25 MP: 11/11
  1167 | D:2      | Reached skill level 1 in Invocations
  1329 | D:2      | Reached skill level 1 in Fighting
  1329 | D:2      | Reached skill level 1 in Short Blades
  1329 | D:2      | Reached skill level 1 in Long Blades
  1329 | D:2      | Reached skill level 1 in Axes
  1329 | D:2      | Reached skill level 1 in Maces & Flails
  1329 | D:2      | Reached skill level 1 in Polearms
  1329 | D:2      | Reached skill level 1 in Staves
  1329 | D:2      | Reached skill level 1 in Ranged Weapons
  1329 | D:2      | Reached skill level 1 in Throwing
  1329 | D:2      | Reached skill level 1 in Armour
  1329 | D:2      | Reached skill level 1 in Shields
  1329 | D:2      | Reached skill level 1 in Unarmed Combat
  1329 | D:2      | Reached skill level 1 in Evocations
  1464 | D:2      | Reached XP level 4. HP: 32/32 MP: 4/13
  1892 | D:2      | Found a basalt altar of Yredelemnul.
  1984 | D:3      | Learned a level 3 spell: Mephitic Cloud
  2158 | D:3      | Reached skill level 1 in Hexes
  2158 | D:3      | Reached skill level 1 in Necromancy
  2158 | D:3      | Reached skill level 1 in Transmutations
  2158 | D:3      | Reached skill level 1 in Fire Magic
  2158 | D:3      | Reached skill level 1 in Ice Magic
  2158 | D:3      | Reached skill level 1 in Air Magic
  2158 | D:3      | Reached skill level 1 in Earth Magic
  2158 | D:3      | Reached skill level 1 in Poison Magic
  2164 | D:3      | Found a glowing drain.
  2183 | Sewer    | Entered a sewer
  2703 | Sewer    | Reached XP level 5. HP: 36/37 MP: 11/14
  2792 | Sewer    | Found an ancient bone altar of Kikubaaqudgha.
  2802 | Sewer    | Noticed Grinder
  3028 | Sewer    | Paralysed by Grinder for 5 turns
  3130 | Sewer    | Paralysed by Grinder for 3 turns
  3144 | Sewer    | Killed Grinder
  3145 | Sewer    | Reached skill level 5 in Dodging
  3145 | Sewer    | Reached XP level 6. HP: 42/44 MP: 2/16
  3370 | Sewer    | Reached XP level 7. HP: 39/51 MP: 12/18
  3633 | Sewer    | Gained mutation: You passively map a small area around you.
                  | [potion of mutation]
  4186 | D:4      | Reached skill level 5 in Stealth
  4835 | D:5      | Entered Level 5 of the Dungeon
  5034 | D:5      | Reached XP level 8. HP: 43/58 MP: 17/19
  5244 | D:4      | Reached skill level 8 in Spellcasting
  6000 | D:6      | Found a staircase to the Ecumenical Temple.
  6137 | D:6      | Reached XP level 9. HP: 39/65 MP: 18/21
  6225 | D:6      | Found a snail-covered altar of Cheibriados.
  6306 | D:6      | Learned a level 4 spell: Airstrike
  7670 | D:7      | Noticed Pikel
  7707 | D:7      | Killed Pikel
  7708 | D:7      | Reached skill level 5 in Invocations
  7848 | D:7      | Noticed Maggie
  7881 | D:7      | Killed Maggie
  7987 | D:7      | Noticed Joseph
  8005 | D:7      | Reached skill level 5 in Fighting
  8005 | D:7      | Reached skill level 5 in Short Blades
  8005 | D:7      | Reached skill level 5 in Long Blades
  8005 | D:7      | Reached skill level 5 in Axes
  8005 | D:7      | Reached skill level 5 in Maces & Flails
  8005 | D:7      | Reached skill level 5 in Polearms
  8005 | D:7      | Reached skill level 5 in Staves
  8005 | D:7      | Reached skill level 5 in Ranged Weapons
  8005 | D:7      | Reached skill level 5 in Throwing
  8005 | D:7      | Reached skill level 5 in Armour
  8005 | D:7      | Reached skill level 5 in Shields
  8005 | D:7      | Reached skill level 5 in Unarmed Combat
  8005 | D:7      | Reached skill level 5 in Evocations
  8005 | D:7      | Reached XP level 10. HP: 54/74 MP: 16/22
  8011 | D:7      | Killed Joseph
  8027 | D:7      | Lost mutation: You passively map a small area around you.
                  | [potion of mutation]
  8027 | D:7      | Gained mutation: Your body sometimes deteriorates upon
                  | taking damage. [potion of mutation]
  8027 | D:7      | Gained mutation: Your mind is acute. (Int +4, Str/Dex -1)
                  | [potion of mutation]
  8027 | D:7      | Gained mutation: You possess an exceptional clarity of
                  | mind. [potion of mutation]
  8510 | D:7      | Reached skill level 9 in Spellcasting
  9037 | Temple   | Entered the Ecumenical Temple
  9071 | Temple   | Became a worshipper of Sif Muna the Loreminder
  9166 | D:8      | Reached skill level 5 in Conjurations
  9166 | D:8      | Reached skill level 5 in Summonings
  9166 | D:8      | Reached skill level 5 in Translocations
 10313 | D:9      | Noticed a two-headed ogre
 10320 | D:9      | Killed a two-headed ogre
 10334 | D:9      | Reached * piety under Sif Muna
 11112 | D:9      | Found a staircase to the Orcish Mines.
 11315 | D:9      | Reached skill level 5 in Hexes
 11315 | D:9      | Reached skill level 5 in Necromancy
 11315 | D:9      | Reached skill level 5 in Transmutations
 11315 | D:9      | Reached skill level 5 in Fire Magic
 11315 | D:9      | Reached skill level 5 in Ice Magic
 11315 | D:9      | Reached skill level 5 in Air Magic
 11315 | D:9      | Reached skill level 5 in Earth Magic
 11315 | D:9      | Reached skill level 5 in Poison Magic
 11550 | D:9      | Reached XP level 11. HP: 75/80 MP: 22/24
 11661 | D:9      | Identified the +1 short sword of the Tiger {freeze, Drain
                  | rF+ rC- rN+++}
 12353 | D:10     | Entered Level 10 of the Dungeon
 12452 | D:10     | Killed from afar by an acid dragon

Illustrated notes

Levels and vault maps discovered:
D:1:      dpeg_arrival_oval, layout_rooms, serial_bayou_lake_a
D:2:      layout_loops_corners, basic_altar, moated_statue, dk_noncrumbling_3,
          minmay_tree_intersection, roderic_lattice_a
D:3:      wad_crossroads, layout_rooms, portal_sewer_entry_f
D:4:      layout_loops_cross
D:5:      layout_rooms
D:6:      layout_gridville, mainiacjoe_overflow_boulevard,
          minmay_temple_entry_crystal_x
D:7:      layout_gridville, uniq_maggie, uniq_pikel, uniq_joseph
D:8:      layout_rooms
D:9:      layout_cave_pods, orc_0_dummy, kennysheep_generic_room_4
D:10:     layout_grid_maze, dpeg_lair_monsters, lightli_fourway_metalbox,
          uniq_harold
Temple:   nicolae_temple_bog_church

Skill      XL: |  1  2  3  4  5  6  7  8  9 10 |
---------------+-------------------------------+-----
Conjurations   | 2 3 4 5 |  5.6
Summonings     | 2 3 4 5 |  5.6
Translocations | 2 3 4 5 |  5.6
Invocations    | 1 2 3 4 5 6 |  6.7
Fighting       | 1 2 3 5 6 |  6.1
Short Blades   | 1 2 3 5 6 |  6.1
Long Blades    | 1 2 3 5 6 |  6.1
Axes           | 1 2 3 5 6 |  6.1
Maces & Flails | 1 2 3 5 6 |  6.1
Polearms       | 1 2 3 5 6 |  6.1
Staves         | 1 2 3 5 6 |  6.1
Ranged Weapons | 1 2 3 5 6 |  6.1
Throwing       | 1 2 3 5 6 |  6.1
Armour         | 1 2 3 5 6 |  6.1
Shields        | 1 2 3 5 6 |  6.1
Unarmed Combat | 1 2 3 5 6 |  6.1
Evocations     | 1 2 3 5 6 |  6.1
Hexes          | 1 2 3 4 5 |  5.1
Necromancy     | 1 2 3 4 5 |  5.1
Transmutations | 1 2 3 4 5 |  5.1
Fire Magic     | 1 2 3 4 5 |  5.1
Ice Magic      | 1 2 3 4 5 |  5.1
Air Magic      | 1 2 3 4 5 |  5.1
Earth Magic    | 1 2 3 4 5 |  5.1
Poison Magic   | 1 2 3 4 5 |  5.1
Dodging        | 5 6 7 |  7.7
Stealth        | 5 6 7 |  7.5
Spellcasting   | 8 9 |  9.5

Action                   |  1- 3 |  4- 6 |  7- 9 | 10-12 || total
-------------------------+-------+-------+-------+-------++-------
Melee: Dagger            |    53 |    71 |    62 |    18 ||   204
       Bite              |     7 |     7 |    39 |    20 ||    73
       Punch             |     1 |     2 |    14 |     2 ||    19
       Short sword       |       |    64 |   224 |    46 ||   334
       Mace              |       |       |    23 |       ||    23
       Great sword       |       |       |       |    79 ||    79
       Halberd           |       |       |       |    48 ||    48
 Fire: Arbalest          |       |     3 |       |       ||     3
Throw: Dart              |       |     6 |    11 |       ||    17
 Cast: Magic Dart        |     4 |    24 |    10 |     6 ||    44
       Necrotise         |    15 |       |       |     2 ||    17
       Call Imp          |     7 |    20 |    25 |    29 ||    81
       Blink             |     1 |     8 |    10 |    14 ||    33
       Slow              |       |     1 |     5 |     1 ||     7
       Mephitic Cloud    |       |       |    18 |    20 ||    38
       Airstrike         |       |       |       |     4 ||     4
  Use: Scroll            |       |     6 |     4 |    14 ||    24
       Potion            |       |     1 |     1 |     2 ||     4
 Stab: Sleeping          |     2 |     2 |    10 |       ||    14
       Distracted        |     1 |     2 |     1 |     2 ||     6
       Confused          |       |       |     5 |     8 ||    13
Armor: Robe              |    12 |    38 |    44 |       ||    94
       Ring mail         |       |       |    22 |       ||    22
       Steam dragon scal |       |       |    11 |    58 ||    69
Dodge: Dodged            |    43 |   146 |   200 |   183 ||   572

Table legend: (Time is in decaauts)
 A = Elapsed time spent in this place.
 B = Non-inter-level travel time spent in this place.
 C = Inter-level travel time spent in this place.
 D = Time resting spent in this place.
 E = Time spent auto-exploring this place.
 F = Levels seen in this place.
 G = Mean time per level.
                   A        B        C        D        E       F      G
               +--------+--------+--------+--------+--------+-----+--------+
         Total |  12467 |  12089 |    378 |   3154 |   4922 |  12 | 1038.9 |
       Dungeon |  10971 |  10619 |    352 |   2585 |   4790 |  10 | 1097.1 |
        Temple |     59 |     34 |     25 |      0 |      8 |   1 |   59.0 |
         Sewer |   1436 |   1436 |      0 |    569 |    124 |   1 | 1436.0 |
               +--------+--------+--------+--------+--------+-----+--------+

Top non-repeatable levels by time:
     D:9: 1875 daAuts
     D:7: 1784 daAuts
     D:6: 1436 daAuts
   Sewer: 1436 daAuts
     D:2: 1177 daAuts
     D:5: 1110 daAuts
     D:4: 1066 daAuts
     D:8: 845 daAuts
     D:1: 826 daAuts
     D:3: 749 daAuts
    D:10: 98 daAuts
  Temple: 59 daAuts
